cohdb
Replays
Latest Replays
All Replays
Popular Replays
Top Player Replays
Match Explorer
How It Works
Community
CoH3 Stats
Reddit
Sign in to upload your games and track your stats! →
Sign in with Steam
Match 43934332
Unlisted
Match 43934332
Overview
Messages
Build Orders
End
Vickers Machine Gun Team
Construct Section Command Post
Selects Canadian Shock Battlegroup
Royal Engineer Section
Construct Section Command Post
Dingo Light Scout Car
Selects Offensive Resupply
Selects Canadian Shock Section
Canadian Shock Section
Construct Platoon Command Post
Canadian Shock Section
Katcapokosilka
sachok931
laffey
Oncle-Hô
0
0
Comments
sign in to comment!
No comments posted yet!